 Dungeon Crawl Stone Soup version 0.29.1-13-g9f3cf754e1 (webtiles) character file.

Game seed: 5015428820655418678

44 Exodus22XD the Poker (level 3, -3/28 HPs)
             Began as a Demonspawn Gladiator on Feb 3, 2023.
             Succumbed to an orc's poison
             ... on level 2 of the Dungeon.
             The game lasted 00:02:45 (1783 turns).

Exodus22XD the Poker (Demonspawn Gladiator)         Turns: 1783, Time: 00:02:46

Health: -3/28      AC: 10    Str: 14 (16) XL:     3   Next: 41%
Magic:  3/3        EV: 11    Int:  8 (9)  God:
Gold:   45         SH:  3    Dex: 11 (14) Spells: 2/2 levels left

rFire   + . .      SeeInvis .   a - +0 trident
rCold   . . .      Faith    .   n - +0 buckler
rNeg    . . .      Spirit   .   b - +0 leather armour
rPois   .          Reflect  .   c - +0 helmet
rElec   .          Harm     .   (no cloak)
rCorr   .          Rampage  .   (no gloves)
Will    .....                   (no boots)
Stlth   +.........              l - amulet of the acrobat
HPRegen 0.09/turn               m - ring of protection from fire
MPRegen 0.08/turn               (no ring)

@: brilliant, lethally poisoned (-3 -> -27), sanguine armoured
A: sanguine armour 1
a: no special abilities


You were on level 2 of the Dungeon.
You visited 1 branch of the dungeon, and saw 2 of its levels.

You collected 45 gold pieces.

Inventory:

Hand Weapons
 a - a +0 trident (weapon)
Missiles
 d - 3 throwing nets (quivered)
 e - a javelin
Armour
 b - a +0 leather armour (worn)
 c - a +0 helmet (worn)
 n - a +0 buckler (worn)
Jewellery
 l - an amulet of the acrobat (around neck)
 m - a ring of protection from fire (left hand)
 o - an amulet of guardian spirit
Scrolls
 k - a scroll of identify {unknown}
 p - a scroll of immolation {unknown}
 q - a scroll of magic mapping {unknown}
Potions
 f - a potion of curing {unknown}
 g - 2 potions of degeneration
 h - a potion of brilliance
 i - 2 potions of lignification {unknown}
 j - a potion of ambrosia {unknown}


   Skills:
 + Level 2.4 Fighting
 + Level 3.1 Polearms
 - Level 1.7 Throwing
 * Level 1.3 Armour
 + Level 3.0 Dodging
 * Level 0.1 Shields


You had 2 spell levels left.
You didn't know any spells.
Your spell library was empty.

Dungeon Overview and Level Annotations

Branches:
Dungeon (2/15)

Altars:

Shops:
D:1 *


Innate Abilities, Weirdness & Mutations

When seriously injured, your blood forms armour. (AC +6)


Message History

You are poisoned.
You hit the orc.
The orc is moderately wounded.
You feel sick.
The orc hits you with a +1 short sword of venom. x2
You are more poisoned.
You hit the orc but do no damage.
The orc is moderately wounded.
Your blood congeals into armour.
You feel very sick. You block the orc's attack.
You hit the orc but do no damage.
The orc is moderately wounded.
You feel sick. You block the orc's attack.
You barely miss the orc.
The orc is moderately wounded.
You feel very sick.
The orc hits you with a +1 short sword of venom.
You hit the orc.
The orc is heavily wounded.
You feel sick. The orc hits you but does no damage.
You are lethally poisoned!
You barely miss the orc.
The orc is heavily wounded.
* * * LOW HITPOINT WARNING * * *
You feel very sick. The orc hits you but does no damage.
You are more poisoned.
The orc hits you but does no damage.
It was a potion of degeneration.
There was something very wrong with that liquid.
You feel weakened.
You feel dopey.
You feel clumsy.
* * * LOW HITPOINT WARNING * * *
You feel very sick.
The orc hits you with a +1 short sword of venom.
* * * LOW HITPOINT WARNING * * *
You are more poisoned.
It was a potion of brilliance.
You feel clever all of a sudden.
You die...

.####...............#.#
#.# #.###
†..=..<############.#.#
#.# #.... .........#
#.#(# #.###.##.
########.#
##.#.###.##...#. .#
#..†............ .
#..#####.##...## ..
#..# #.###.##
...######..#####.###.#
......o@.............#
.................#####
..################


You could see an orc.

Vanquished Creatures
  2 worms (D:2)
  A dart slug (D:1)
  6 ball pythons
  3 bats
  5 endoplasms
  4 giant cockroaches
  A goblin (D:2)
  2 hobgoblins (D:1)
  A quokka (D:1)
  3 frilled lizards (D:1)
  3 kobolds
  3 rats
34 creatures vanquished.

Notes
Turn   | Place    | Note
-------+----------+-------------------------------------------
     0 | D:1      | Exodus22XD the Demonspawn Gladiator began the quest for the
                  | Orb.
     0 | D:1      | Reached XP level 1. HP: 16/16 MP: 1/1
   121 | D:1      | Found Pumeydol's Assorted Antiques.
   164 | D:1      | Gained mutation: When seriously injured, your blood forms
                  | armour. (AC +6) [demonic ancestry]
   164 | D:1      | Reached XP level 2. HP: 11/22 MP: 2/2
   318 | D:1      | Found a faded altar of an unknown god.
   319 | D:1      | Noticed a floating eye
   324 | D:1      | Noticed a great orb of eyes
   330 | D:1      | Noticed a shining eye
   330 | D:1      | Noticed a golden eye
   968 | D:1      | Reached skill level 1 in Armour
  1410 | D:2      | Reached XP level 3. HP: 28/28 MP: 3/3
  1783 | D:2      | Succumbed to an orc's poison

Illustrated notes

Levels and vault maps discovered:
D:1:      onia_arrival_mini_maze, layout_basic, serial_shops,
          nicolae_lakefront_shop, hellmonk_ecumenical_altar_watching_god
D:2:      layout_loops_ring, minmay_statues_item

Skill      XL: |  1  2  3 |
---------------+----------+-----
Polearms       | 3 |  3.1
Armour         | 1 |  1.3
Dodging        | 3 |  3.0
Fighting       | |  2.4
Throwing       | |  1.7
Shields        | |  0.1

Action                   || total
-------------------------++-------
Melee: Trident           ||   113
  Use: Potion            ||     2
 Stab: Sleeping          ||     2
Armor: Leather armour    ||    27
Dodge: Dodged            ||    56
Block: Buckler           ||     3
